 Dungeon Sprint DCSS version 0.28.0-43-g3370ac3207 (webtiles) character file.

Game seed: 9040469655342932594

1655 rel the Fighter (level 8, -4/79 HPs)
             Began as a Demonspawn Berserker on Mar 21, 2022.
             Was an Elder of Trog.
             Slain by a demonic crawler (7 damage)
             ... in the Dungeon (Sprint I: "Red Sonja").
             The game lasted 00:04:06 (1254 turns).

rel the Fighter (Demonspawn Berserker)              Turns: 1254, Time: 00:04:07

Health: -4/79      AC: 16    Str: 17    XL:     8   Next: 68%
Magic:  8/8        EV: 13    Int: 11    God:    Trog [****..]
Gold:   219        SH:  4    Dex: 13    Spells: 7/7 levels left

rFire   . . .      SeeInvis .   a - +0 hand axe
rCold   . . .      Faith    .   (no shield)
rNeg    . . .      Spirit   .   j - +1 ring mail {rPois}
rPois   +          Reflect  .   (helmet restricted)
rElec   .          Harm     .   (no cloak)
rCorr   .          Rampage  .   (no gloves)
Will    .....      NoTele   +   (no boots)
Stlth   +.........              (no amulet)
HPRegen 0.23/turn               (no ring)
MPRegen 0.11/turn               (no ring)

@: sanguine armoured, on berserk cooldown, hasted and slowed
A: horns 2, powered by death 1, sanguine armour 2, condensation shield
a: Renounce Religion, Berserk, Trog's Hand, Brothers in Arms


You were in the Dungeon.
You worshipped Trog.
Trog was greatly pleased with you.
You visited 1 branch You collected 219 gold pieces.

Inventory:

Hand Weapons
 a - a +0 hand axe (weapon)
Armour
 j - a +1 ring mail of poison resistance (worn)
Wands
 b - a wand of flame (19)
 i - a wand of iceblast (5)
Scrolls
 h - a scroll of blinking
Potions
 f - 2 potions of magic
 g - a potion of berserk rage


   Skills:
 * Level 13.0 Fighting
 + Level 10.7 Axes
 + Level 6.5 Armour
 + Level 6.3 Dodging
 + Level 1.7 Shields


You had 7 spell levels left.
You didn't know any spells.
Your spell library was empty.

Dungeon Overview and Level Annotations

Branches:
Dungeon (1/1)

Altars:
Makhleb
Sif Muna
Vehumet
Wu Jian
Xom
Jiyva
Lugonu


Innate Abilities, Weirdness & Mutations

You have a pair of horns on your head.
You regenerate a little health from kills.
When seriously injured, your blood forms thick armour. (AC +9)
A meltable shield of frost defends you. (SH +4)


Message History

You kill the demonic crawler!
Trog accepts your kill.
You can now call in reinforcements.
You hit the demonic crawler.
You are no longer berserk.
You are exhausted.
You feel yourself slow down.
The demonic crawler shrieks in warning!
You hear an angry buzzing noise.
Your Fighting skill increases to level 13!
You hit the demonic crawler. You headbutt the demonic crawler!
The demonic crawler is moderately wounded.
The demonic crawler shrieks in warning!
The gargoyle hurls a stone arrow at you.
The stone arrow hits you!
* * * LOW HITPOINT WARNING * * *
You hit the demonic crawler.
Your headbutt misses the demonic crawler.
The demonic crawler is moderately wounded.
The demonic crawler hits you.
* * * LOW HITPOINT WARNING * * *
The demonic crawler hits you!
* * * LOW HITPOINT WARNING * * *
The demonic crawler hits you but does no damage. x2
The demonic crawler misses you.
The demonic crawler hits you but does no damage.
The demonic crawler barely misses you. The demonic crawler misses you.
The demonic crawler hits you!
* * * LOW HITPOINT WARNING * * *
You feel better.
The demonic crawler completely misses you.
You block the demonic crawler's attack. x2
The demonic crawler shrieks in warning!
The demonic crawler barely misses you.
The demonic crawler hits you but does no damage. x3
The demonic crawler hits you.
* * * LOW HITPOINT WARNING * * *
The demonic crawler hits you but does no damage.
You feel yourself speed up. The demonic crawler misses you.
The demonic crawler hits you!
You die...

##################
.#..'..#__#..')..#
.').#..'..'..#).s##+#
+#####'#__####..@s9.#
#.####§!#####..+
##)#≈≈§§c +##
#+#_.§§§≈§
+..._#≈§§.c
#_.#+##+### ##+


You could see 2 demonic crawlers and a gargoyle.

Vanquished Creatures
  2 demonic crawlers (D)
  2 kobold demonologists (D)
  A slime creature (D)
  Sigmund (D)
  A floating eye (D)
  An ogre (D)
  A jelly (D)
  Ijyb (D)
10 creatures vanquished.

Notes
Turn   | Place    | Note
-------+----------+-------------------------------------------
     0 | D        | rel the Demonspawn Berserker began the quest for the Orb.
     0 | D        | Reached XP level 1. HP: 18/18 MP: 1/1
     6 | D        | Noticed Ijyb
    15 | D        | Killed Ijyb
    16 | D        | Reached skill level 5 in Fighting
    16 | D        | Gained mutation: When seriously injured, your blood forms
                  | armour. (AC +9) [demonic ancestry]
    16 | D        | Reached XP level 2. HP: 6/27 MP: 2/2
   282 | D        | Noticed an ogre
   287 | D        | Killed an ogre
   288 | D        | Reached skill level 7 in Fighting
   288 | D        | Reached skill level 5 in Axes
   288 | D        | Gained mutation: You regenerate a little health from kills.
                  | [demonic ancestry]
   288 | D        | Reached XP level 3. HP: 29/36 MP: 3/3
   288 | D        | Reached XP level 4. HP: 34/43 MP: 4/4
   423 | D        | Noticed Sigmund
   431 | D        | Killed Sigmund
   431 | D        | Reached ** piety under Trog
   432 | D        | Reached skill level 9 in Fighting
   432 | D        | Gained mutation: A meltable shield of frost defends you.
                  | (SH +4) [demonic ancestry]
   432 | D        | Reached XP level 5. HP: 52/52 MP: 5/5
   432 | D        | Gained mutation: You have a pair of small horns on your
                  | head. [demonic ancestry]
   432 | D        | Reached XP level 6. HP: 59/59 MP: 6/6
   444 | D        | Found a burning altar of Makhleb.
   444 | D        | Found a viscous altar of Jiyva.
   444 | D        | Found a shimmering altar of Xom.
   444 | D        | Found a corrupted altar of Lugonu.
   444 | D        | Noticed a slime creature
   466 | D        | Killed a slime creature
   467 | D        | Reached skill level 10 in Fighting
   669 | D        | Found an ornate altar of the Wu Jian Council.
   669 | D        | Found a shimmering blue altar of Sif Muna.
   671 | D        | Found a radiant altar of Vehumet.
   699 | D        | Noticed a centaur warrior
   704 | D        | Noticed a centaur warrior
   723 | D        | Noticed a kobold demonologist
   723 | D        | Noticed a floating eye
   723 | D        | Noticed a kobold demonologist
   724 | D        | Noticed a ynoxinul
   726 | D        | Killed a floating eye
   727 | D        | Reached skill level 11 in Fighting
   727 | D        | Gained mutation: When seriously injured, your blood forms
                  | thick armour. (AC +9) [demonic ancestry]
   727 | D        | Reached XP level 7. HP: 68/68 MP: 7/7
   738 | D        | Noticed a chaos spawn
   738 | D        | Killed a kobold demonologist
   738 | D        | Reached *** piety under Trog
   739 | D        | Reached skill level 5 in Armour
   739 | D        | Reached skill level 5 in Dodging
   742 | D        | Killed a kobold demonologist
   743 | D        | Reached skill level 12 in Fighting
   743 | D        | Reached skill level 10 in Axes
   743 | D        | Reached skill level 1 in Shields
   743 | D        | Gained mutation: You have a pair of horns on your head.
                  | [demonic ancestry]
   743 | D        | Reached XP level 8. HP: 74/76 MP: 8/8
  1232 | D        | Noticed a demonic crawler
  1232 | D        | Noticed a demonic crawler
  1232 | D        | Noticed a demonic crawler
  1232 | D        | Noticed a demonic crawler
  1246 | D        | Killed a demonic crawler
  1247 | D        | Noticed a gargoyle
  1250 | D        | Killed a demonic crawler
  1250 | D        | Reached **** piety under Trog
  1251 | D        | Reached skill level 13 in Fighting
  1252 | D        | HP: 2/79 [demonic crawler (7)]
  1254 | D        | Slain by a demonic crawler

Illustrated notes

Levels and vault maps discovered:
D:        dungeon_sprint_1 [red_sonja_temple_1, red_sonja_temple_small_1]

Skill      XL: |  1  2  3  4  5  6  7  8 |
---------------+-------------------------+-----
Fighting       | 5 7 9 11 12 13 | 13.0
Axes           | 3 5 6 8 10 | 10.7
Armour         | 2 3 4 5 6 |  6.5
Dodging        | 2 3 4 5 6 |  6.3
Shields        | 1 |  1.7

Action                   |  1- 3 |  4- 6 |  7- 9 || total
-------------------------+-------+-------+-------++-------
Melee: Hand axe          |    11 |    31 |    32 ||    74
       Headbutt          |       |     6 |     7 ||    13
Invok: Berserk           |     2 |     2 |     1 ||     5
  Use: Potion            |       |     1 |     2 ||     3
Armor: Ring mail         |       |     5 |    27 ||    32
Dodge: Dodged            |     5 |    14 |    31 ||    50
Block: Other             |       |     2 |    12 ||    14
